 Dungeon Crawl Stone Soup version 0.19.0-20-gbc5f0c6 (webtiles) character file.

401 Remedyn the Shield-Bearer (level 7, -4/54 HPs)
             Began as a Formicid Fighter on Nov 17, 2016.
             Was an Initiate of the Shining One.
             Killed from afar by Dowan (9 damage)
             ... with a shard of ice
             ... on level 4 of the Dungeon.
             The game lasted 00:09:44 (2773 turns).

Remedyn the Shield-Bearer (Formicid Fighter)        Turns: 2773, Time: 00:09:44

Health: -4/54      AC: 13    Str: 23    XL:     7   Next: 11%
Magic:  7/7        EV:  9    Int:  7    God:    the Shining One [......]
Gold:   77         SH: 10    Dex: 10    Spells: 0 memorised, 6 levels left

rFire  . . .     SeeInvis +     a - +1 war axe
rCold  . . .     Gourm    .     w - +2 ring mail {rPois}
rNeg   . . .     Faith    .     c - +0 shield
rPois  +         Spirit   .     (helmet unavailable)
rElec  .         Reflect  .     (no cloak)
rCorr  .         Harm     .     (no gloves)
MR     .....                    (no boots)
Stlth  ..........               (no amulet)
                                (no ring)
                                n - +5 ring of protection

@: glowing
A: permanent stasis, dig shafts and tunnels, four strong arms, antennae 3
a: Dig, Shaft Self, Renounce Religion


You were on level 4 of the Dungeon.
You worshipped the Shining One.
The Shining One was noncommittal.
You were not hungry.

You visited 1 branch of the dungeon, and saw 4 of its levels.

You collected 77 gold pieces.

Inventory:

Hand Weapons
 a - a +1 war axe (weapon)
Missiles
 C - 42 stones (quivered)
Armour
 b - a +0 scale mail
 c - a +0 shield (worn)
 s - a +0 plate armour
 w - a +2 ring mail of poison resistance (worn)
Jewellery
 n - a +5 ring of protection (left hand)
Scrolls
 g - a scroll of amnesia
 h - a scroll of immolation
 k - 2 scrolls of enchant weapon
 o - a scroll of enchant armour
 q - a scroll of magic mapping
 u - a scroll of fog
 y - a scroll of remove curse
 A - a scroll of teleportation
 B - a scroll of fear
Potions
 d - a potion of might
 j - a potion of experience {unknown}
 l - a potion of flight {unknown}
 m - 2 potions of berserk rage {unknown}
 r - 3 potions of curing {unknown}
 t - a potion of lignification {unknown}
 v - a potion of degeneration {unknown}
 z - a potion of mutation {unknown}
 E - a potion of beneficial mutation {unknown}
 F - 2 potions of magic {unknown}
 G - a potion of heal wounds {unknown}
Comestibles
 f - 3 bread rations
 i - 10 fruits
 p - 2 beef jerkies
 x - a meat ration
 D - 2 slices of pizza


   Skills:
 + Level 4.2 Fighting
 + Level 4.9 Axes
 + Level 4.6 Armour
 + Level 0.5 Dodging
 + Level 5.1 Shields


You had 6 spell levels left.
You didn't know any spells.

Dungeon Overview and Level Annotations

Branches:
Dungeon (4/15)
 Temple: D:4-7

Altars:
The Shining One

Annotations:
D:4 Blork the orc, Dowan, Grinder


Innate Abilities, Weirdness & Mutations

You are under a permanent stasis effect.
You can dig through walls and to a lower floor.
Your four strong arms can wield two-handed weapons with a shield.
You have a pair of large antennae on your head. (SInv)


Message History

Blork the orc is no longer moving quickly.
You block Dowan's attack.
Blork the orc looks angry.
Blork the orc looks satisfied for a moment.
Grinder blinks!
Dowan hits you but does no damage. Blork the orc barely misses you.
You hit Dowan.
Dowan is severely wounded.
You hit Blork the orc. Dowan hits you but does no damage.
Dowan casts a spell at you. The shard of ice hits you!
* * * LOW HITPOINT WARNING * * *
Blork the orc hits you but does no damage.
Dowan says, "Magic will overcome all!"
Dowan gestures wildly while chanting.
Dowan shakes with grief.
Dowan gestures wildly while chanting.
Dowan gestures at you while chanting. The shard of ice hits you!
You die...

.....................#
........5..........).#
....<......{)>o......+
..............)....<.####
###+##########o###......#
#............#......#
#.......e....'......#
#............#......# ..
#.....@.......).....# ..
#..........##.##....# {
..#.........###..##...#
#.##.##.#####...#.#...#
#########.##.##.#####..#..#.....
..#....#............#.#..##......
..#....#............##..## .....
.##....#............#..#.##
.##....#............#.#...#


You could see Blork the orc and Dowan.

Vanquished Creatures
  Duvessa (D:4)
  A hound (D:3)
  A quasit (D:3)
  4 orc wizards
  A worker ant (D:4)
  2 adders
  An ooze (D:4)
  3 dart slugs (D:2)
  2 leopard geckos
  8 orcs (D:3)
  2 giant cockroaches (D:1)
  10 goblins
  11 hobgoblins
  2 jackals (D:2)
  A quokka (D:3)
  A ball python (D:2)
  3 bats
  3 frilled lizards
  6 kobolds
  8 rats
71 creatures vanquished.

Notes
Turn   | Place    | Note
-------+----------+-------------------------------------------
     0 | D:1      | Remedyn the Formicid Fighter began the quest for the Orb.
     0 | D:1      | Reached XP level 1. HP: 18/18 MP: 1/1
   157 | D:1      | Reached XP level 2. HP: 23/24 MP: 2/2
   211 | D:1      | Reached skill level 4 in Shields
   552 | D:1      | Reached XP level 3. HP: 29/29 MP: 3/3
  1284 | D:2      | Reached XP level 4. HP: 26/37 MP: 4/4
  1736 | D:3      | Reached XP level 5. HP: 42/42 MP: 5/5
  1754 | D:3      | Reached XP level 6. HP: 48/48 MP: 6/6
  2713 | D:4      | Found a glowing golden altar of the Shining One.
  2719 | D:4      | Became a worshipper of the Shining One
  2743 | D:4      | Noticed Grinder
  2743 | D:4      | Noticed Blork the orc
  2745 | D:4      | Noticed Duvessa
  2746 | D:4      | Noticed Dowan
  2766 | D:4      | Killed Duvessa
  2766 | D:4      | Reached skill level 5 in Shields
  2766 | D:4      | Reached XP level 7. HP: 28/54 MP: 7/7
  2773 | D:4      | Killed from afar by Dowan

Skill      XL: |  1  2  3  4  5  6 |
---------------+-------------------+-----
Shields        | 4 5 |  5.1
Axes           | 3 4 |  4.9
Armour         | 4 |  4.6
Fighting       | 4 |  4.2
Dodging        | |  0.5

Action                   |  1- 3 |  4- 6 |  7- 9 || total
-------------------------+-------+-------+-------++-------
Melee: War axe           |   105 |   113 |     3 ||   221
  Use: Scroll            |       |    10 |       ||    10
  Eat: Chunk             |       |     2 |       ||     2
       Bread ration      |       |     1 |       ||     1
Armor: Scale mail        |    21 |       |       ||    21
       Plate armour      |    24 |    56 |       ||    80
       Ring mail         |       |    10 |     5 ||    15
Dodge: Dodged            |    24 |    29 |     3 ||    56
Block: Shield            |    51 |    77 |     2 ||   130
